Cogmind - Beta 15 @@@ ROGUE MODE // 2025.09.03 @ 21:13:39 Player: celerysam Result: Destroyed by DB-OOI(R) with Subdweller Machine Gun Performance ------------- Evolutions (0) 0 Regions Visited (2) 400 Robots Destroyed (30) 150 Value Destroyed (688) 688 Prototype IDs (0) 0 Alien Tech Used (0) 0 Bonus (0) 0 TOTAL SCORE: 1238 Bonus ------- None Cogmind --------- Core Integrity 0/250 Matter 1/300 Energy 200/200 System Corruption 0% Temperature Cool (0) Movement Treading (160) Location -10/Subcaves Parts ------- > --- POWER (1) -------- Subdweller Power Source > --- PROPULSION (2) --- Spiked Treads Spiked Treads > --- UTILITY (2) ------ Large Storage Unit > --- WEAPON (2) ------- Improved Light Cannon Battle Cannon > --- INVENTORY (15) --- Improved Treads Improved Treads Wheel Wheel Subdweller Monowheel Scrap Shield Riot Gun Particle Gun Barrage Gun Improved Light Cannon Grenade Launcher Grenade Launcher Dirty Datajack (20) Makeshift Hammer Peak State ------------ > --- POWER ------------ Subdweller Power Source > --- PROPULSION ------- Improved Treads Improved Treads > --- UTILITY ---------- Large Storage Unit Medium Armor Plating > --- WEAPON ----------- Improved Light Cannon Battle Cannon > --- INVENTORY -------- Improved Treads Improved Treads Wheel Wheel Compact Wheel Subdweller Monowheel Medium Armor Plating Scrap Shield Particle Gun Barrage Gun Improved Light Cannon Grenade Launcher Grenade Launcher Dirty Datajack [Rating: 16] Favorites ----------- Power Ion Engine Engine Ion Engine Propulsion Improved Treads Treads Improved Treads Leg Aluminum Leg Wheel Compact Wheel Utility Large Storage Unit Storage Large Storage Unit Processor Improved Targeting Computer Protection Medium Armor Plating Weapon Improved Light Cannon Energy Gun Particle Gun Ballistic Gun Assault Rifle Ballistic Cannon Improved Light Cannon Build | -11 -10 -10 ------- Run | Yrd Mat Sub Slots Evolved . | . . . Power . | . . . Propulsion . | . . . Utility . | . . . Weapon . | . . . Parts Attached 35 | 6 19 10 Power 7 | 1 4 2 Engine 7 | 1 4 2 Core . | . . . Reactor . | . . . Propulsion 12 | 2 6 4 Treads 9 | . 5 4 Leg 2 | 2 . . Wheel 1 | . 1 . Hover . | . . . Flight . | . . . Utility 6 | 1 4 1 Device . | . . . Storage 2 | 1 1 . Processor 1 | . 1 . Hackware . | . . . Protection 3 | . 2 1 Artifact . | . . . Weapon 10 | 2 5 3 Energy Gun 3 | 1 2 . Energy Cannon . | . . . Ballistic Gun 2 | 1 1 . Ballistic Cannon 5 | . 2 3 Launcher . | . . . Special Weapon . | . . . Impact Weapon . | . . . Slashing Weapon . | . . . Piercing Weapon . | . . . Special Melee Weapon . | . . . Unidentified Prototypes . | . . . Parts Lost 7 | . 4 3 Power 2 | . 1 1 Propulsion 1 | . 1 . Utility 3 | . 1 2 Weapon 1 | . 1 . Highest Loss Streak 2 | . 1 2 To Critical Strikes . | . . . Average Backups 12 | 5 11 14 Power . | 1 . . Propulsion 5 | 2 4 5 Utility 1 | . 1 1 Weapon 5 | 1 4 6 Tool/Special . | . . . Unused Backups 21 | . 3 18 Power . | . . . Propulsion 7 | . 1 6 Utility 3 | . 1 2 Weapon 10 | . 1 9 Tool/Special 1 | . . 1 Average Slot Usage (%) 98 | . 98 99 Engine 13 | . 13 13 Treads 27 | . 27 28 Storage 14 | . 14 14 Processor 2 | . . 4 Protection 10 | . 11 8 Energy Gun 8 | . 14 . Ballistic Gun 7 | . 12 . Ballistic Cannon 12 | . 1 28 Peak Build Rating 16 | 6 14 16 Average Rating 13 | 3 12 15 On Entrance 6 | . 6 14 Naked Turns . | . . . Heaviest Build 40 | 11 40 40 Greatest Support 46 | 20 46 46 Greatest Overweight (x) 1 | . 1 . Average Overweight (x) . | . . . Largest Inventory Capacity 15 | 8 15 15 Average Capacity 13 | 7 12 15 Most Carried 15 | 8 15 15 Average Carried 12 | 5 11 14 Final Capacity 15 | 8 15 15 Final Carried 15 | 6 15 15 Class Distribution -------------------- 95% | Mutant 4% | Derelict-Mutant Dominant Class ---------------- Mutant | -10/Materials Mutant | -10/Subcaves Resources | -11 -10 -10 ----------- Run | Yrd Mat Sub Matter Collected 915 | 243 379 293 Remotely . | . . . Salvage Created 746 | . 506 240 Parts 47 | . 24 23 Haulers Intercepted 1 | . 1 . Recyclers Shooed . | . . . Parts Field Recycled . | . . . Retrieved Matter . | . . . Parts Self-Destructed 23 | . . 23 Prevented . | . . . Kills | -11 -10 -10 ------- Run | Yrd Mat Sub Combat Hostiles Destroyed 25 | . 15 10 Guns 15 | . 15 . Cannons 10 | . . 10 Classes Destroyed 7 | . 5 2 Builder 1 | . 1 . Hauler 1 | . 1 . Watcher 3 | . 3 . Swarmer 11 | . 8 3 Grunt 7 | . 7 . Sentry 1 | . . 1 Subdweller 6 | . . 6 Best Kill Streak 4 | . 4 3 Combat Bots Only 4 | . 4 3 Max Kills in Single Turn 1 | . 1 1 Gunslinging . | . . . Exploded . | . . . Melee . | . . . Uniques/NPCs Destroyed . | . . . Combat | -11 -10 -10 -------- Run | Yrd Mat Sub Hostile Shots Fired 232 | . 123 109 Missed 73 | . 30 43 Hits 159 | . 93 66 Projectile 159 | . 93 66 Damage Taken 1985 | . 876 1109 Core 254 | . 79 175 Absorbed by Shields . | . . . Core Remaining (%) 100 | 100 . . Volleys Fired 121 | . 67 54 Largest 2 | . 2 2 Hottest 130 | . 130 66 Shots Fired 241 | . 133 108 Gun 133 | . 133 . Cannon 108 | . . 108 Launcher . | . . . Special . | . . . Kinetic 167 | . 59 108 Thermal 74 | . 74 . Explosive . | . . . Electromagnetic . | . . . Robot Hit Streak 10 | . 10 10 Robot Miss Streak 7 | . 7 3 Penetration Max . | . . . Secondary Targets 3 | . 3 . Max Gunslinging Chain 1 | . 1 . Shots Hit Robots 127 | . 70 57 Core Hits 44 | . 27 17 Critical Kills . | . . . Critical Parts Destroyed . | . . . Critical Strikes 3 | . 2 1 Burn 2 | . 2 . Blast 1 | . . 1 Melee Attacks . | . . . Impact . | . . . Slashing . | . . . Piercing . | . . . Sneak Attacks . | . . . Combat Hostiles . | . . . Follow-up Attacks . | . . . Damage Inflicted 2005 | . 1024 981 Guns 1024 | . 1024 . Cannons 981 | . . 981 Explosions . | . . . Melee . | . . . Ramming . | . . . Kinetic 1360 | . 379 981 Thermal 645 | . 645 . Explosive . | . . . Electromagnetic . | . . . Impact . | . . . Slashing . | . . . Piercing . | . . . Highest Corruption . | . . . Average Corruption . | . . . Corruption Purged . | . . . Corruption Blocked . | . . . Overload Shots . | . . . Overflow Damage 4 | . . 4 Projectiles 4 | . . 4 Explosions . | . . . Melee . | . . . Knockbacks 11 | . . 11 Impact . | . . . Kinetic 11 | . . 11 Secondary . | . . . Self-Inflicted Damage . | . . . Shots . | . . . Rammed . | . . . Targets Rammed . | . . . Kicked . | . . . Crushed . | . . . Highest Temperature 467 | . 467 . Average Temperature 141 | . 141 . Received Heat Transfer 300 | . 174 126 Effects 6 | . 6 . Shutdowns 4 | . 4 . Short Circuit 2 | . 2 . Siege Activations . | . . . Martial Activations . | . . . Shielding Activations . | . . . Robots Disrupted . | . . . Combat Hostiles . | . . . Robots Corrupted . | . . . Combat Hostiles . | . . . Parts Fried . | . . . Impact Corruptions . | . . . Robots Melted . | . . . Combat Hostiles . | . . . Parts Melted 2 | . 2 . Heat Transferred 1702 | . 1702 . Parts Sabotaged . | . . . Parts Stolen . | . . . Parts Stripped . | . . . Power Chain Reactions . | . . . Alert | -11 -10 -10 ------- Run | Yrd Mat Sub Maximum Alert Level 1 | . 1 . Low Security (%) 99 | 100 99 . Level 1 . | . . . Level 2 . | . . . Level 3 . | . . . Level 4 . | . . . Level 5 . | . . . High Security . | . . . Max Security . | . . . Peak Influence 205 | . 205 . Initial . | . . . Average 69 | . 72 . Influence Increases 644 | . 489 155 Destroy 0b10 Robot/C 380 | . 300 80 Destroy 0b10 Robot/NC 25 | . 25 . Destroy Leader 58 | . 58 . Successful Hack 28 | . 28 . Destroy Structure 3 | . 3 . Partial Spotted 15 | . 15 . Lose Combat Pursuer 135 | . 60 75 Influence Decreases 605 | . 402 203 Entered New Map 43 | . . 43 Time Decay 512 | . 362 150 Lost Part 50 | . 40 10 Squads Dispatched 2 | . 2 . Investigation . | . . . Extermination . | . . . Reinforcement 2 | . 2 . Assault . | . . . Garrison . | . . . Intercept . | . . . Searches Triggered . | . . . Construction Impeded . | . . . Haulers Reinforced . | . . . Active Scanning Responses . | . . . Cargo Convoy Interrupts . | . . . Stealth | -11 -10 -10 --------- Run | Yrd Mat Sub Distress Signals . | . . . Communications Jammed . | . . . Distress Signals . | . . . Times Spotted 40 | . 28 12 Peak Tracking Total 6 | . 4 6 Tactical Retreats 3 | . 2 1 Traps | -11 -10 -10 ------- Run | Yrd Mat Sub Traps Triggered 4 | . 3 1 Indirectly . | . . . Trap Hack Attempts . | . . . Triggered . | . . . Disarmed . | . . . Reprogrammed . | . . . Reused . | . . . Traps Extracted . | . . . Installed . | . . . Triggered . | . . . Machines | -11 -10 -10 ---------- Run | Yrd Mat Sub Machines Disabled . | . . . Max in Single Turn . | . . . Machines Repaired . | . . . Machines Dismantled . | . . . Machines Sabotaged . | . . . Overloaded Fab Kills . | . . . Hacking | -11 -10 -10 --------- Run | Yrd Mat Sub Machines Accessed 4 | . 4 . Terminals 4 | . 4 . Fabricators . | . . . Repair Stations . | . . . Recycling Units . | . . . Scanalyzers . | . . . Garrison Access . | . . . Total Hacks 4 | . 4 . Successful 4 | . 4 . Failed . | . . . Catastrophic . | . . . Database Lockouts . | . . . Manual 4 | . 4 . Terminals 4 | . 4 . Fabricators . | . . . Repair Stations . | . . . Recycling Units . | . . . Scanalyzers . | . . . Garrison Access . | . . . Terminal Hacks . | . . . Fabricator Hacks . | . . . Repair Station Hacks . | . . . Recycling Unit Hacks . | . . . Scanalyzer . | . . . Garrison Access Hacks . | . . . Unauthorized Hacks 4 | . 4 . Terminals 4 | . 4 . Botnet 4 | . 4 . Fabricators . | . . . Repair Stations . | . . . Recycling Units . | . . . Scanalyzers . | . . . Garrison Access . | . . . Data Cores Recovered . | . . . Used . | . . . Hacking Detections 2 | . 2 . Full Trace Events . | . . . Feedback Events . | . . . Feedback Blocked . | . . . Robot Schematics Acquired . | . . . Robots Built . | . . . Authchips . | . . . Time . | . . . Total Robot Build Rating . | . . . Part Schematics Acquired . | . . . Parts Built . | . . . Authchips . | . . . Time . | . . . Total Part Build Rating . | . . . Parts Repaired . | . . . Time . | . . . Parts Recycled . | . . . Recycled Matter . | . . . Retrieved Matter . | . . . Retrieved Components . | . . . Parts Scanalyzed . | . . . Part Schematics Acquired . | . . . Parts Damaged . | . . . Bothacking | -11 -10 -10 ------------ Run | Yrd Mat Sub Used RIF Installer . | . . . Robots Hacked . | . . . Non-combat . | . . . Combat . | . . . Robot Hacks Applied . | . . . Relay Couplers Released . | . . . Fabnet Peak Effective % . | . . . Robots Rewired . | . . . Allies Hacked . | . . . Hacks Repelled . | . . . Allies | -11 -10 -10 -------- Run | Yrd Mat Sub Total Allies . | . . . Largest Group . | . . . Highest-Rated Group . | . . . Highest-Rated Ally . | . . . Total Orders . | . . . Ally Attacks . | . . . Total Damage . | . . . Kills . | . . . Allies Corrupted . | . . . Allies Melted . | . . . Intel | -11 -10 -10 ------- Run | Yrd Mat Sub Active Infowar (turns) . | . . . Robot Analysis Total . | . . . Derelict Logs Recovered 1 | . . 1 Drone Launches . | . . . Drone Recoveries . | . . . Exploration | -11 -10 -10 ------------- Run | Yrd Mat Sub Turns Passed 3501 | 79 2022 1400 Spaces Moved 1752 | 64 941 747 Core 19 | 19 . . Treads 1651 | . 904 747 Legs 82 | 45 37 . Wheels . | . . . Hover . | . . . Flight . | . . . Fastest Speed 50 | 50 120 160 Average Speed 169 | 99 181 160 Slowest Speed 240 | 120 240 160 Overloaded Moves . | . . . Propulsion Burnouts . | . . . Robots Hopped . | . . . Potential Cave-ins . | . . . Cave-ins Triggered . | . . . Exploration Rate (%) 51 | 3 97 53 Regions Visited 2 Branch Regions 1 Pre-discovered Areas . | . . . Known Exits Taken . | . . . Unknown Exits Taken 2 | 1 1 . Scrap Searched 10 | . . 10 Spaces Dug . | . . . Terrain Destroyed . | . . . Melee . | . . . Projectile . | . . . AOE . | . . . Terrain Rammed . | . . . Walls Destroyed . | . . . Machines Disabled . | . . . Actions | -11 -10 -10 --------- Run | Yrd Mat Sub Total 2055 | 78 1128 849 Wait 72 | . 55 17 Move 1750 | 63 940 747 Hop . | . . . Pick Up 42 | 9 26 7 Fast Attach 6 | 3 2 1 Attach 10 | 3 6 1 Detach . | . . . Swap 24 | . 15 9 Drop 30 | . 17 13 Fire 121 | . 67 54 Melee . | . . . Ram . | . . . Kick . | . . . Crush . | . . . Escape Stasis . | . . . Rewire . | . . . Trap . | . . . Miscellaneous . | . . . Route ------- -11/Scrapyard -10/Materials (discovered 5 exits: [*Mat x3] / [*Min] / [*Sub]) -10/Subcaves History --------- Turn | Location | Event 9 | -11/Scrapyard | Discovered new exit (range 15) 80 | -11/Scrapyard | Entered Materials 270 | -10/Materials | Discovered new exit (range 9) 329 | -10/Materials | Build established: Mutant 403 | -10/Materials | Discovered new exit (range 10) 711 | -10/Materials | Discovered new exit (range 8) 1951 | -10/Materials | Discovered new exit (range 8) 2090 | -10/Materials | Discovered new exit (range 9) 2102 | -10/Materials | Entered Subcaves 2110 | -10/Subcaves | Learned Materials security intel 2563 | -10/Subcaves | Core integrity fell below 50% 2689 | -10/Subcaves | Disturbed a concealed Subdweller 3269 | -10/Subcaves | Shifting Twisted Machinery released Riot Gun 3317 | -10/Subcaves | Shifting Twisted Machinery released Mak. Hammer 3442 | -10/Subcaves | Shifting Twisted Machinery released Sub. Beam Cannon 3467 | -10/Subcaves | Core integrity fell below 20% 3502 | -10/Subcaves | Destroyed by DB-OOI(R) with Subdweller Machine Gun Last Messages --------------- 03183_ Lgt. Assault Rifle fries itself beyond repair. 03190_ Lgt. Ion Engine fries itself beyond repair. 03258_ Sub. Power Source shoots sparks and powers down. 03260_ Dropped Broken Sub. Power Source. Riot Gun falls loose from the Twisted Machinery. 03289_ Acquired Riot Gun. Mak. Hammer falls loose from the Twisted Machinery. 03336_ Dropped Med. Armor Plating. 03336_ Acquired Mak. Hammer. 03440_ YM-AL4(z): "She is not going to be happy we haven't found any suitable candidates yet." Sub. Beam Cannon falls loose from the Twisted Machinery. 03456_ L0-QG0(R) destroyed. 03460_ Med. Armor Plating destroyed. 03462_ DB-OOI(R) knocked back. Map ----- +----------------------------------------------------+ | ?### ## #????###### ??????## ##?????# | | ?# ## % ####? ??????# ######?## | | ?# % % ## ## ???????## # #### | | ?## % % ???????# # ## | | #### % #??????????## | | ### ### % #???????????## # | | ## #?### #????????????# ## | | ##??## ##????????????# ### | | #??## ##?????????????# ?### # | | ##?# ## #????????????# ## #???### | | ### #? #??????????? ?###?????? | | ## ##? ###???????? ?????????? | | ### #? #?????? ?????????? | | ?# ##? ???? ##?????????? | | ### #??? ????# ##?????????? | | ##### ## ##??? ????# ##????????? | | ????### #####????? ????# %#????????? | | ??????## ##???????? ?????? ####?????? | | ???????## #????????# ??????????% % % ??????? | | ???????## #????????# #?????????" ! ???????? | | ??????## * ######???## #?????????" ????????? | | ##???## # #??## ##????????" % ?????????? | | #??# #### #####???? %%??????????? | | ###### # ## #???? #??????????? | | ##??# #### ###### ##?????????? | | ##?# ##??# @ ##"] #?????????? | | #?## ##### ### ### R #??????????? | | #??### ## ### #?## " #??????????? | | #?### =%[ #??## " " ##??????????? | | " ### """ ##???#"" """ #???????????? | | " " """" """## ## #????#" """ "??????????? | | #" """### "##### #????#####"""" "?????????? | | ##! " "" """### ##### ##???????#""##" ????????? | | ?## """ """##""" ### #???????#""#?"" #??????? | | ??##"" "#####""#### ##??????? ""??" #??????? | | ???### ##???#"#???## #??????????????##??????? | | ?????# ###??#"#????# ##?????????????????????? | | ????## #### #????# ##????????????????????? | | ???## #"# ##??## ##???????????????????? | | ???# #### ##??????????????????? | | ???# ## ## ##?????????????????? | | ???## ################ #?????????????????? | | ????#######??????????????#######?????????????????? | | ?????????????????????????????????????????????????? | | ?????????????????????????????????????????????????? | | ?????????????????????????????????????????????????? | | ?????????????????????????????????????????????????? | | ?????????????????????????????????????????????????? | | ?????????????????????????????????????????????????? | | ?????????????????????????????????????????????????? | +----------------------------------------------------+ Best States ------------- Heat Dissipation 25 Energy Generation 15 Energy Capacity 250 Matter Stores 300 Matter Capacity 300 Sight Range 16 Terrain Scan Density 10 Armor Coverage 225 Evasion (%) 55 Targeting Accuracy 6 Recoil Reduction 2 Item Schematics ----------------- None Robot Schematics ------------------ None Fabricated ------------ Nothing Repaired ---------- Nothing Alien Tech Used ----------------- None Achievements -------------- None Challenges ------------ None Game ------ Seed LauncherGrenadeRailgun Manual? 0 Play Time 00:39:05 Cumulative 275.9 hours Start 2025.09.03 @ 15:53:22 End 2025.09.03 @ 21:13:39 Sessions 3 Manual Loads 0 Difficulty Rogue Special Mode None Game No. 429 Rogue 429 Adventurer 0 Explorer 0 Win Type - Total 1 Types 1/0/0/0/0/0/0/0/0/0 Lore% 64 Gallery% 63 Achievement% 44 Wizard Run 0 Options --------- Layout 1 ASCII 0 Keyboard 0 Movement Mouse Keybinds 0 Fullscreen 2 Font 24/Smallcaps Map View 50x35 Zoom Use 0% Tactical HUD 1 Map Filters NONE Filters NONE Steam X RUN: 1fd21448-be89-4629-a9e5-3ff36927bb9c